 Dungeon Crawl Stone Soup version 0.25.0-9-g26727b657a (webtiles) character file.

Game seed: 5280096286765102325

501 Esekla the Skirmisher (level 7, 0/44 HPs)
             Began as a Tengu Abyssal Knight on June 16, 2020.
             Was a Follower of Lugonu.
             Slain by a large abomination (20 damage)
             ... on level 1 of the Dungeon.
             The game lasted 00:02:09 (127 turns).

Esekla the Skirmisher (Tengu Abyssal Knight)         Turns: 127, Time: 00:02:09

Health: 0/44       AC:  3    Str: 12    XL:     7   Next: 17%
Magic:  9/9        EV: 13    Int: 12    God:    Lugonu [*.....]
Gold:   0          SH:  0    Dex: 16    Spells: 6/6 levels left

rFire    . . .     SeeInvis .   a - +1 falchion
rCold    . . .     Gourm    .   (no shield)
rNeg     . . .     Faith    .   b - +0 leather armour
rPois    .         Spirit   .   (helmet restricted)
rElec    .         Reflect  .   (no cloak)
rCorr    .         Harm     .   (no gloves)
MR       .....                  (boots unavailable)
Stlth    +.........             (no amulet)
HPRegen  0.14/turn              (no ring)
MPRegen  0.11/turn              (no ring)

@: no status effects
A: beak, talons 3, [blurry vision 1], [deterioration 1], [no potion heal 2],
[subdued magic 1], able to fly
a: Fly, Depart the Abyss, Renounce Religion


You were on level 1 of the Dungeon.
You worshipped Lugonu.
Lugonu was aware of your devotion.
You were not hungry.

You visited 1 branch of the dungeon, and saw 1 of its levels.
You visited the Abyss 1 time.

Inventory:

Hand Weapons
 a - a +1 falchion (weapon)
Armour
 b - a +0 leather armour (worn)
Potions
 d - a potion of magic {unknown}
Comestibles
 c - a ration


   Skills:
 + Level 5.3 Fighting
 * Level 4.9 Long Blades
 + Level 3.2 Armour
 * Level 3.2 Dodging
 + Level 2.3 Invocations


You had 6 spell levels left.
You didn't know any spells.
Your spell library was empty.

Dungeon Overview and Level Annotations

Branches:
Dungeon (1/15)

Altars:


Innate Abilities, Weirdness & Mutations

You have a beak for a mouth.
You have claws for feet.
You can fly continuously.
[Scrolls take you a little longer to read.]
[Your body sometimes deteriorates upon taking damage.]
[Potions are poor at restoring your health.]
[Your spells are a little easier to cast, but a little less powerful.]


Message History

You hit the large abomination but do no damage.
Your kick misses the large abomination.
You pass through the gate.
Found 7 gold pieces.
There is a staircase leading out of the dungeon here.
You aren't carrying any scrolls.
You aren't carrying any potions.
Found a mace.
Found 10 gold pieces.
The large abomination closely misses you.
Found a murky golden potion.
You see here a murky golden potion.
d - a murky golden potion The large abomination hits you!
The large abomination completely misses you.
The large abomination barely misses you.
The large abomination hits you.
Found a ration.
The large abomination hits you!!
You die...

...##...#.....# #
....#...#.#....# #
#....#...#.).#...# #
..
...#...#.#...#..#...
..
.#...#.<.#...#...#
#.#.#.#.....#....###
#....#.....#.#$..#
#...#.#...#......#
#....@##.#.#.....#
#....#X.#...#....#
#...#....#...#...#
#..#......$...#..#
#.#............#.#
##..............##
#######.######## +.%
#...


You could see a large abomination.

Vanquished Creatures
  A glowing orange brain (Abyss:1)
1 creature vanquished.

Notes
Turn   | Place    | Note
-------+----------+-------------------------------------------
     0 | Abyss:1  | Esekla the Tengu Abyssal Knight began the quest for the
                  | Orb.
     0 | Abyss:1  | Reached XP level 1. HP: 14/14 MP: 3/3
    87 | Abyss:1  | Noticed a glowing orange brain
    88 | Abyss:1  | Noticed a wretched star
    89 | Abyss:1  | Noticed a large abomination
   100 | Abyss:1  | Noticed an orange demon
   101 | Abyss:1  | Noticed a ynoxinul
   102 | Abyss:1  | Killed a glowing orange brain
   102 | Abyss:1  | Reached skill level 5 in Fighting
   102 | Abyss:1  | Reached XP level 2. HP: 16/21 MP: 4/4
   102 | Abyss:1  | Reached XP level 3. HP: 20/26 MP: 5/5
   102 | Abyss:1  | Reached XP level 4. HP: 24/31 MP: 6/6
   102 | Abyss:1  | Gained mutation: You can fly continuously. [Tengu growth]
   102 | Abyss:1  | Reached XP level 5. HP: 27/35 MP: 7/7
   102 | Abyss:1  | Reached XP level 6. HP: 31/40 MP: 8/8
   102 | Abyss:1  | Reached XP level 7. HP: 35/44 MP: 9/9
   104 | D:1      | Escaped the Abyss
   127 | D:1      | Slain by a large abomination

Illustrated notes

Levels and vault maps discovered:
D:1:      matt_arrival_diagonals, layout_loops_corners

Skill      XL: |  1 |
---------------+----+-----
Fighting       | 5 |  5.3
Long Blades    | 4 |  4.9
Armour         | 3 |  3.2
Dodging        | 3 |  3.2
Invocations    | 2 |  2.3

Action                   |  1- 3 |  4- 6 |  7- 9 || total
-------------------------+-------+-------+-------++-------
Melee: Falchion          |    12 |       |       ||    12
       Kick              |     5 |       |       ||     5
       Peck              |     2 |       |       ||     2
Armor: Leather armour    |     2 |       |       ||     2
Dodge: Dodged            |     1 |       |     4 ||     5
       Rpst.: Falchion   |       |       |     1 ||     1
